Montreal Canadiens vs Arizona Coyotes
Created - Wednesday, March 5, 2025 at 08:41
Goals
|
| Montreal Canadiens |
1 |
2 |
1 |
4 |
| Arizona Coyotes |
1 |
0 |
1 |
2 |
|
Shots
|
| Montreal Canadiens |
11 |
11 |
13 |
35 |
| Arizona Coyotes |
10 |
13 |
19 |
42 |
|
1st period
1. Montreal Canadiens , Dylan Larkin 12 (Vladimir Tarasenko 9) at 0:13
2. Arizona Coyotes , Ondrej Palat 2 (Tyler Bertuzzi 3, Jani Hakanpaa 7) at 16:22
Penalties :
Matt Dumba (AZC) for Roughing (Minor) at 7:45, Nick Seeler (AZC) for Diving (Minor) at 12:57, Kiefer Sherwood (AZC) for Roughing (Minor) at 18:24
2nd period
3. Montreal Canadiens , Juraj Slafkovsky 4 (Dylan Larkin 14, Martin Necas 11) at 13:48 (PP)
4. Montreal Canadiens , Martin Necas 10 (Jack Johnson 3) at 15:49
Penalties :
Charlie Coyle (AZC) for Delaying the game (Minor) at 7:23, Kiefer Sherwood (AZC) for Interference (Minor) at 12:48, Radko Gudas (AZC) for Roughing (Minor) at 17:39
3rd period
5. Montreal Canadiens , Aliaksei Protas 3 (Adam Fox 6, Brady Skjei 5) at 6:28
6. Arizona Coyotes , Mike Hoffman 1 (Kiefer Sherwood 1) at 13:02
Penalties :
No Penalty
Goalie Stats
David Rittich (MTL), 10 saves from 11 shots - (0.909), 21:03 minutes
Calle Clang (MTL), 30 saves from 31 shots - (0.968), W, 2-1-0, 38:57 minutes
Jacob Markstrom (AZC), 31 saves from 35 shots - (0.886), L, 5-9-0, 60:00 minutes
Players Stats for Montreal Canadiens
Player Name G A P +/- PIM S H SB GA TA FO MP PP MP PK MP
------------------------------------------------------------------------------------
Adam Fox 0 1 1 1 0 4 0 0 1 0 0/0 25:52 4:36 0:00
Alex Iafallo 0 0 0 0 0 4 1 0 0 0 0/0 12:00 5:28 0:00
Aliaksei Protas 1 0 1 0 0 2 0 2 0 0 0/2 14:02 0:23 0:00
Andreas Athanasiou 0 0 0 0 0 1 0 0 0 0 0/0 6:37 0:00 0:00
Brady Skjei 0 1 1 1 0 0 1 1 0 1 0/0 26:12 4:20 0:00
Damon Severson 0 0 0 0 0 2 3 1 0 1 0/0 20:38 5:11 0:00
Dylan Larkin 1 1 2 0 0 5 1 0 1 0 17/34 20:37 5:27 0:00
Ethen Frank 0 0 0 0 0 1 0 0 0 0 2/5 6:37 0:00 0:00
Evgeni Dadonov 0 0 0 1 0 4 0 0 1 0 0/0 14:18 0:19 0:00
Ilya Lyubushkin 0 0 0 0 0 0 3 0 0 0 0/0 12:52 0:30 0:00
Jack Johnson 0 1 1 0 0 0 0 1 0 0 0/0 13:54 1:29 0:00
Jake Evans 0 0 0 0 0 0 3 0 1 1 0/0 13:30 0:00 0:00
Juraj Slafkovsky 1 0 1 0 0 2 1 0 1 0 0/0 20:37 5:27 0:00
Justin Faulk 0 0 0 0 0 0 3 1 0 0 0/0 20:32 5:44 0:00
Martin Necas 1 1 2 1 0 5 3 1 1 2 1/3 19:02 5:08 0:00
Ryan Poehling 0 0 0 0 0 2 2 0 0 0 5/7 13:30 0:00 0:00
Teddy Blueger 0 0 0 1 0 1 1 0 0 1 3/18 18:53 5:05 0:00
Vladimir Tarasenko 0 1 1 0 0 2 3 0 1 0 1/1 20:17 5:28 0:00
Players Stats for Arizona Coyotes
Player Name G A P +/- PIM S H SB GA TA FO MP PP MP PK MP
------------------------------------------------------------------------------------
Brayden McNabb 0 0 0 0 0 0 1 1 0 1 0/0 23:49 0:00 5:31
Charlie Coyle 0 0 0 -1 2 4 1 1 0 1 12/25 20:24 0:00 3:49
Erik Haula 0 0 0 -1 0 5 2 0 0 0 2/2 14:08 0:00 0:00
Jani Hakanpaa 0 1 1 0 0 2 1 1 0 0 0/0 23:49 0:00 5:31
Jared Spurgeon 0 0 0 0 0 1 2 0 0 1 0/0 24:05 0:00 5:24
Kiefer Sherwood 0 1 1 1 4 1 0 0 0 0 0/0 7:53 0:00 0:57
Mark Jankowski 0 0 0 1 0 2 0 0 0 0 1/3 6:55 0:00 0:00
Mason McTavish 0 0 0 -1 0 5 1 0 1 0 10/17 19:15 0:00 5:07
Mats Zuccarello 0 0 0 -1 0 1 1 2 3 1 4/8 19:16 0:00 3:30
Matt Dumba 0 0 0 -1 2 0 1 2 0 0 0/0 12:08 0:00 0:00
Mike Hoffman 1 0 1 1 0 2 0 0 0 0 1/1 6:55 0:00 0:00
Nick Seeler 0 0 0 -1 2 0 0 1 0 1 0/0 13:06 0:00 0:59
Ondrej Palat 1 0 1 0 0 7 2 0 1 0 2/2 11:26 0:00 2:07
Radko Gudas 0 0 0 0 2 1 4 0 0 0 0/0 23:05 0:00 4:25
Ross Colton 0 0 0 0 0 2 3 0 0 0 5/6 12:08 0:00 0:00
Ryan Donato 0 0 0 -1 0 4 1 1 1 0 2/3 17:47 0:00 1:29
Tyler Bertuzzi 0 1 1 0 0 4 1 0 0 1 1/2 12:08 0:00 0:00
Tyler Seguin 0 0 0 -1 0 1 1 0 0 1 1/1 20:42 0:00 4:51
3 Stars
1 - Martin Necas (MTL)
2 - Dylan Larkin (MTL)
3 - Juraj Slafkovsky (MTL)
Power Play
Montreal Canadiens - 1 on 6 Attempt(s) - 16.67%
Arizona Coyotes - 0 on 0 Attempt(s) - 0.00%
Penalty Kill
Montreal Canadiens - 0 on 0 Attempt(s) - 0.00%
- Score 0 goal in Penalty Kill
Arizona Coyotes - 5 on 6 Attempt(s) - 83.33%
- Score 0 goal in Penalty Kill
Team Stat
Montreal Canadiens - Hits : 25 - Faceoff Wins : 29 - Blocked Shots : 7 - Penalty Minutes : 0
Arizona Coyotes - Hits : 22 - Faceoff Wins : 41 - Blocked Shots : 9 - Penalty Minutes : 12
Official
Referees : Francois St Laurent and Jon Mcisaac
Linesman : Scott Cherrey and Ryan Daisy
Game Notes
David Rittich is injured at 1:03 of 2nd period (Bruised Left Leg)
Calle Clang enters game at 1:03 of 2nd period
Ondrej Palat is injured at 9:26 of 3rd period (Right Foot)
Finance
Level 1 -- Attendance: 5441 (90.68%) -- Ticket Income $489,690
Level 2 -- Attendance: 5000 (100.00%) -- Ticket Income $285,000
Level 3 -- Attendance: 2991 (99.70%) -- Ticket Income $95,712
Level 4 -- Attendance: 4442 (88.84%) -- Ticket Income $97,724
Luxury Box -- Attendance: 1000 (100.00%) -- Ticket Income $192,000
Game was played at the Gila River Arena.
Total Attendance: 18874 (94.37%)
Total Ticket Income: $1,160,126
Other Income: $406,044
Total Income: $1,566,170
Montreal Canadiens
5 vs 5 Forward
Center Left Wing Right Wing Time % Phy DF OF
1 Dylan Larkin Juraj Slafkovsky Vladimir Tarasenko 35 0 2 3
2 Teddy Blueger Evgeni Dadonov Martin Necas 30 0 2 3
3 Ryan Poehling Aliaksei Protas Jake Evans 25 0 2 3
4 Ethen Frank Andreas Athanasiou Alex Iafallo 10 0 2 3
5 vs 5 Defense
Defense Defense Time % Phy DF OF
1 Adam Fox Brady Skjei 30 0 3 2
2 Damon Severson Justin Faulk 30 0 3 2
3 Ilya Lyubushkin Jack Johnson 25 0 4 1
4 Adam Fox Brady Skjei 15 0 4 1
PowerPlay Forward
Center Left Wing Right Wing Time % Phy DF OF
1 Dylan Larkin Juraj Slafkovsky Martin Necas 50 0 0 5
2 Teddy Blueger Vladimir Tarasenko Alex Iafallo 50 0 0 5
PowerPlay Defense
Defense Defense Time % Phy DF OF
1 Justin Faulk Adam Fox 50 0 0 5
2 Brady Skjei Damon Severson 50 0 0 5
Penalty Kill 4 Players Forward
Center Wing Time % Phy DF OF
1 Jake Evans Teddy Blueger 50 0 5 0
2 Ryan Poehling Alex Iafallo 50 0 5 0
Penalty Kill 4 Players Defense
Defense Defense Time % Phy DF OF
1 Adam Fox Brady Skjei 50 0 5 0
2 Damon Severson Justin Faulk 50 0 5 0
Penalty Kill - 3 Players Forward
Forward Time % Phy DF OF
1 Jake Evans 50 0 5 0
2 Teddy Blueger 50 0 5 0
Penalty Kill - 3 Players Defense
Defense Defense Time % Phy DF OF
1 Adam Fox Brady Skjei 50 0 5 0
2 Damon Severson Justin Faulk 50 0 5 0
4 vs 4 Forward
Center Wing Time % Phy DF OF
1 Dylan Larkin Martin Necas 50 1 2 2
2 Ryan Poehling Vladimir Tarasenko 50 1 2 2
4 vs 4 Defense
Defense Defense Time % Phy DF OF
1 Justin Faulk Adam Fox 50 1 3 1
2 Brady Skjei Damon Severson 50 1 3 1
Last Minutes Offensive
Center Left Wing Right Wing Defense Defense
Dylan Larkin Juraj Slafkovsky Martin Necas Adam Fox Brady Skjei
Last Minutes Defensive
Center Left Wing Right Wing Defense Defense
Teddy Blueger Aliaksei Protas Jake Evans Adam Fox Brady Skjei
Goaltenders
Starting : David Rittich
Backup : Calle Clang
Extra Forwards
Normal : Dylan Larkin, Juraj Slafkovsky, Martin Necas - PP : Dylan Larkin, Juraj Slafkovsky - PK : Teddy Blueger
Extra Defensemen
Normal : Brady Skjei, Justin Faulk, Adam Fox - PP : Adam Fox - PK : Justin Faulk, Brady Skjei
Penalty Shots
Dylan Larkin, Vladimir Tarasenko, Martin Necas, Juraj Slafkovsky, Andreas Athanasiou
Scratches
Patrik Laine (Sprained Left Ankle Injury)
Arizona Coyotes
5 vs 5 Forward
Center Left Wing Right Wing Time % Phy DF OF
1 Charlie Coyle Mats Zuccarello Tyler Seguin 35 1 2 2
2 Mason McTavish Erik Haula Ryan Donato 30 1 2 2
3 Ross Colton Tyler Bertuzzi Ondrej Palat 25 1 2 2
4 Mark Jankowski Mike Hoffman Kiefer Sherwood 10 1 2 2
5 vs 5 Defense
Defense Defense Time % Phy DF OF
1 Jared Spurgeon Radko Gudas 35 1 2 2
2 Brayden McNabb Jani Hakanpaa 35 1 2 2
3 Matt Dumba Nick Seeler 25 1 2 2
4 Jared Spurgeon Radko Gudas 5 1 2 2
PowerPlay Forward
Center Left Wing Right Wing Time % Phy DF OF
1 Charlie Coyle Mats Zuccarello Tyler Seguin 50 1 2 2
2 Mason McTavish Erik Haula Ryan Donato 50 1 2 2
PowerPlay Defense
Defense Defense Time % Phy DF OF
1 Jared Spurgeon Radko Gudas 50 1 2 2
2 Brayden McNabb Jani Hakanpaa 50 1 2 2
Penalty Kill 4 Players Forward
Center Wing Time % Phy DF OF
1 Charlie Coyle Tyler Seguin 50 1 2 2
2 Mats Zuccarello Mason McTavish 50 1 2 2
Penalty Kill 4 Players Defense
Defense Defense Time % Phy DF OF
1 Jared Spurgeon Radko Gudas 50 1 2 2
2 Brayden McNabb Jani Hakanpaa 50 1 2 2
Penalty Kill - 3 Players Forward
Forward Time % Phy DF OF
1 Charlie Coyle 50 1 2 2
2 Tyler Seguin 50 1 2 2
Penalty Kill - 3 Players Defense
Defense Defense Time % Phy DF OF
1 Jared Spurgeon Radko Gudas 50 1 2 2
2 Brayden McNabb Jani Hakanpaa 50 1 2 2
4 vs 4 Forward
Center Wing Time % Phy DF OF
1 Charlie Coyle Tyler Seguin 50 1 2 2
2 Mats Zuccarello Mason McTavish 50 1 2 2
4 vs 4 Defense
Defense Defense Time % Phy DF OF
1 Jared Spurgeon Radko Gudas 50 1 2 2
2 Brayden McNabb Jani Hakanpaa 50 1 2 2
Last Minutes Offensive
Center Left Wing Right Wing Defense Defense
Charlie Coyle Mats Zuccarello Tyler Seguin Jared Spurgeon Radko Gudas
Last Minutes Defensive
Center Left Wing Right Wing Defense Defense
Charlie Coyle Mats Zuccarello Tyler Seguin Jared Spurgeon Radko Gudas
Goaltenders
Starting : Jacob Markstrom
Backup : Elvis Merzlikins
Extra Forwards
Normal : Ross Colton, Tyler Bertuzzi, Ondrej Palat - PP : Ross Colton, Tyler Bertuzzi - PK : Ondrej Palat
Extra Defensemen
Normal : Matt Dumba, Nick Seeler, Brayden McNabb - PP : Matt Dumba - PK : Nick Seeler, Brayden McNabb
Penalty Shots
Charlie Coyle, Tyler Seguin, Mats Zuccarello, Mason McTavish, Erik Haula
Scratches
Anthony Deangelo (Healthy), Arturs Silovs (Healthy)
% Time on Ice - Montreal Canadiens
Lines # - Real PCT - Wanted PCT - Time Play
Normal Forward
1 - 31% - 35% - 15:10
2 - 28% - 30% - 13:48
3 - 28% - 25% - 13:30
4 - 13% - 10% - 6:37
Normal Defense
1 - 31% - 30% - 15:03
2 - 31% - 30% - 15:27
3 - 25% - 25% - 12:22
4 - 13% - 15% - 6:13
PP Forward
1 - 50% - 50% - 5:27
2 - 50% - 50% - 5:28
PP Defense
1 - 53% - 50% - 5:44
2 - 47% - 50% - 5:11
PK Forward
1 - 0% - 50%
2 - 0% - 50%
PK Defense
1 - 0% - 50%
2 - 0% - 50%
PK3 Forward
1 - 0% - 50%
2 - 0% - 50%
PK3 Defense
1 - 0% - 50%
2 - 0% - 50%
44 Forward
1 - 0% - 50%
2 - 0% - 50%
44 Defense
1 - 0% - 50%
2 - 0% - 50%
Last Minute Offensive - 0:00
Last Minute Defensive - 0:00
Total
Forward - 60:00
Defense - 60:00
|
% Time on Ice - Arizona Coyotes
Lines # - Real PCT - Wanted PCT - Time Play
Normal Forward
1 - 32% - 35% - 15:54
2 - 29% - 30% - 14:08
3 - 25% - 25% - 12:08
4 - 14% - 10% - 6:55
Normal Defense
1 - 37% - 35% - 18:14
2 - 37% - 35% - 18:18
3 - 25% - 25% - 12:06
4 - 1% - 5% - 0:27
PP Forward
1 - 0% - 50%
2 - 0% - 50%
PP Defense
1 - 0% - 50%
2 - 0% - 50%
PK Forward
1 - 54% - 50% - 5:52
2 - 46% - 50% - 5:03
PK Defense
1 - 49% - 50% - 5:24
2 - 51% - 50% - 5:31
PK3 Forward
1 - 0% - 50%
2 - 0% - 50%
PK3 Defense
1 - 0% - 50%
2 - 0% - 50%
44 Forward
1 - 0% - 50%
2 - 0% - 50%
44 Defense
1 - 0% - 50%
2 - 0% - 50%
Last Minute Offensive - 0:00
Last Minute Defensive - 0:00
Total
Forward - 60:00
Defense - 60:00
|
Play-by-Play
1st period
0:01 of 1st period - Dylan Larkin wins face-off versus Charlie Coyle in neutral zone.
0:03 of 1st period - Off-side.
0:04 of 1st period - Dylan Larkin wins face-off versus Charlie Coyle in neutral zone.
0:13 of 1st period - Snap shot by Dylan Larkin.
0:13 of 1st period - Goal by Dylan Larkin - Montreal Canadiens : 1 - Arizona Coyotes : 0.
0:14 of 1st period - Erik Haula wins face-off versus Teddy Blueger in neutral zone.
0:29 of 1st period - Backhand shot by Martin Necas.
0:29 of 1st period - Stopped by Jacob Markstrom with a rebound.
1:06 of 1st period - Wrist shot by Dylan Larkin.
1:06 of 1st period - Shot Blocked by Matt Dumba.
1:31 of 1st period - Off-side.
1:32 of 1st period - Mason McTavish wins face-off versus Ryan Poehling in neutral zone.
1:35 of 1st period - Ilya Lyubushkin is hit by Radko Gudas and loses puck.
1:57 of 1st period - Jared Spurgeon is hit by Ilya Lyubushkin.
2:19 of 1st period - Snap shot by Martin Necas.
2:19 of 1st period - Deflect By Evgeni Dadonov.
2:19 of 1st period - Shot Misses the Net.
2:19 of 1st period - Puck is out of play.
2:20 of 1st period - Teddy Blueger wins face-off versus Charlie Coyle in Arizona Coyotes zone.
2:21 of 1st period - Slapshot by Martin Necas.
2:21 of 1st period - Shot Misses the Net.
2:45 of 1st period - Charlie Coyle is hit by Ryan Poehling.
2:51 of 1st period - Nick Seeler is hit by Jake Evans and loses puck.
2:56 of 1st period - Snap shot by Ryan Poehling.
2:56 of 1st period - Stopped by Jacob Markstrom with a rebound.
2:58 of 1st period - Slapshot by Damon Severson.
2:58 of 1st period - Deflect By Aliaksei Protas.
2:58 of 1st period - Stopped by Jacob Markstrom without a rebound.
2:59 of 1st period - Erik Haula wins face-off versus Dylan Larkin in Arizona Coyotes zone.
3:10 of 1st period - Snap shot by Dylan Larkin.
3:10 of 1st period - Shot Misses the Net.
3:12 of 1st period - Wrist shot by Dylan Larkin.
3:12 of 1st period - Stopped by Jacob Markstrom with a rebound.
3:14 of 1st period - Slapshot by Brady Skjei.
3:14 of 1st period - Shot Blocked by Ryan Donato.
3:24 of 1st period - Andreas Athanasiou is hit by Ross Colton and loses puck.
3:33 of 1st period - Wrist shot by Ross Colton.
3:33 of 1st period - Stopped by David Rittich without a rebound.
3:34 of 1st period - Mark Jankowski wins face-off versus Teddy Blueger in Montreal Canadiens zone.
3:43 of 1st period - Wrist shot by Mark Jankowski.
3:43 of 1st period - Shot Misses the Net.
4:11 of 1st period - Slapshot by Tyler Bertuzzi.
4:11 of 1st period - Stopped by David Rittich without a rebound.
4:12 of 1st period - Mason McTavish wins face-off versus Dylan Larkin in Montreal Canadiens zone.
4:49 of 1st period - Snap shot by Vladimir Tarasenko.
4:49 of 1st period - Deflect By Dylan Larkin.
4:49 of 1st period - Shot Misses the Net.
4:49 of 1st period - Puck is out of play.
4:50 of 1st period - Charlie Coyle wins face-off versus Ryan Poehling in Arizona Coyotes zone.
4:56 of 1st period - Off-side.
4:57 of 1st period - Ryan Poehling wins face-off versus Mats Zuccarello in neutral zone.
5:02 of 1st period - Snap shot by Jake Evans.
5:02 of 1st period - Shot Blocked by Matt Dumba.
5:04 of 1st period - Snap shot by Aliaksei Protas.
5:04 of 1st period - Shot Blocked by Nick Seeler.
6:04 of 1st period - Wrist shot by Tyler Seguin.
6:04 of 1st period - Shot Misses the Net.
6:15 of 1st period - Snap shot by Ryan Poehling.
6:15 of 1st period - Shot Misses the Net.
6:17 of 1st period - Slapshot by Adam Fox.
6:17 of 1st period - Deflect By Charlie Coyle.
6:17 of 1st period - Stopped by Jacob Markstrom with a rebound.
6:45 of 1st period - Slapshot by Charlie Coyle.
6:45 of 1st period - Shot Blocked by Aliaksei Protas.
7:45 of 1st period - Minor Penalty to Matt Dumba for Roughing.
7:46 of 1st period - Ondrej Palat wins face-off versus Dylan Larkin in Arizona Coyotes zone.
7:46 of 1st period - Ondrej Palat is hit by Justin Faulk.
8:09 of 1st period - Jared Spurgeon is hit by Justin Faulk and loses puck.
8:36 of 1st period - Slapshot by Vladimir Tarasenko.
8:36 of 1st period - Stopped by Jacob Markstrom without a rebound.
8:37 of 1st period - Ryan Donato wins face-off versus Teddy Blueger in Arizona Coyotes zone.
8:37 of 1st period - Ryan Donato is hit by Damon Severson.
8:52 of 1st period - Radko Gudas is hit by Vladimir Tarasenko and loses puck.
9:45 of 1st period - Penalty to Matt Dumba is over, Matt Dumba is back on ice.
9:47 of 1st period - Wrist shot by Ondrej Palat.
9:47 of 1st period - Stopped by David Rittich without a rebound.
9:48 of 1st period - Tyler Bertuzzi wins face-off versus Ethen Frank in Montreal Canadiens zone.
9:59 of 1st period - Snap shot by Tyler Bertuzzi.
9:59 of 1st period - Stopped by David Rittich without a rebound.
10:00 of 1st period - Mason McTavish wins face-off versus Dylan Larkin in Montreal Canadiens zone.
10:12 of 1st period - Wrist shot by Ryan Donato.
10:12 of 1st period - Shot Misses the Net.
10:17 of 1st period - Icing by Dylan Larkin.
10:18 of 1st period - Dylan Larkin wins face-off versus Ross Colton in Montreal Canadiens zone.
11:14 of 1st period - Wrist shot by Alex Iafallo.
11:14 of 1st period - Stopped by Jacob Markstrom with a rebound.
11:30 of 1st period - Radko Gudas is hit by Ryan Poehling and loses puck.
11:51 of 1st period - Snap shot by Evgeni Dadonov.
11:51 of 1st period - Stopped by Jacob Markstrom with a rebound.
12:30 of 1st period - Slapshot by Mike Hoffman.
12:30 of 1st period - Shot Blocked by Justin Faulk.
12:32 of 1st period - Slapshot by Jani Hakanpaa.
12:32 of 1st period - Shot Blocked by Aliaksei Protas.
12:34 of 1st period - Snap shot by Brayden McNabb.
12:34 of 1st period - Shot Misses the Net.
12:46 of 1st period - Wrist shot by Vladimir Tarasenko.
12:46 of 1st period - Shot Misses the Net.
12:48 of 1st period - Slapshot by Damon Severson.
12:48 of 1st period - Stopped by Jacob Markstrom without a rebound.
12:49 of 1st period - Dylan Larkin wins face-off versus Mason McTavish in Arizona Coyotes zone.
12:57 of 1st period - Minor Penalty to Nick Seeler for Diving.
12:58 of 1st period - Charlie Coyle wins face-off versus Teddy Blueger in Arizona Coyotes zone.
13:06 of 1st period - Jani Hakanpaa is hit by Alex Iafallo and loses puck.
14:57 of 1st period - Penalty to Nick Seeler is over, Nick Seeler is back on ice.
15:04 of 1st period - Nick Seeler is hit by Jake Evans and loses puck.
15:43 of 1st period - Ethen Frank is hit by Ondrej Palat and loses puck.
15:48 of 1st period - Wrist shot by Ondrej Palat.
15:48 of 1st period - Stopped by David Rittich without a rebound.
15:49 of 1st period - Mason McTavish wins face-off versus Aliaksei Protas in Montreal Canadiens zone.
15:54 of 1st period - Wrist shot by Mason McTavish.
15:54 of 1st period - Deflect By Erik Haula.
15:54 of 1st period - Stopped by David Rittich without a rebound.
15:55 of 1st period - Ryan Poehling wins face-off versus Mason McTavish in Montreal Canadiens zone.
16:22 of 1st period - Wrist shot by Tyler Bertuzzi.
16:22 of 1st period - Deflect By Ondrej Palat.
16:22 of 1st period - Goal by Ondrej Palat - Montreal Canadiens : 1 - Arizona Coyotes : 1.
16:23 of 1st period - Ryan Donato wins face-off versus Teddy Blueger in neutral zone.
16:52 of 1st period - Snap shot by Alex Iafallo.
16:52 of 1st period - Stopped by Jacob Markstrom with a rebound.
17:14 of 1st period - Snap shot by Tyler Bertuzzi.
17:14 of 1st period - Shot Misses the Net.
17:20 of 1st period - Snap shot by Ondrej Palat.
17:20 of 1st period - Stopped by David Rittich without a rebound.
17:21 of 1st period - Charlie Coyle wins face-off versus Teddy Blueger in Montreal Canadiens zone.
17:28 of 1st period - Snap shot by Charlie Coyle.
17:28 of 1st period - Stopped by David Rittich with a rebound.
17:57 of 1st period - Wrist shot by Ondrej Palat.
17:57 of 1st period - Stopped by David Rittich with a rebound.
18:09 of 1st period - Nick Seeler is hit by Ilya Lyubushkin and loses puck.
18:24 of 1st period - Minor Penalty to Kiefer Sherwood for Roughing.
18:25 of 1st period - Charlie Coyle wins face-off versus Teddy Blueger in Arizona Coyotes zone.
18:35 of 1st period - Off-side.
18:36 of 1st period - Charlie Coyle wins face-off versus Teddy Blueger in neutral zone.
18:52 of 1st period - Snap shot by Alex Iafallo.
18:52 of 1st period - Shot Misses the Net.
19:17 of 1st period - Snap shot by Alex Iafallo.
19:17 of 1st period - Shot Blocked by Brayden McNabb.
19:45 of 1st period - Slapshot by Juraj Slafkovsky.
19:45 of 1st period - Deflect By Dylan Larkin.
19:45 of 1st period - Shot Misses the Net.
19:45 of 1st period - Puck is out of play.
19:46 of 1st period - Charlie Coyle wins face-off versus Martin Necas in Arizona Coyotes zone.
19:58 of 1st period - Off-side.
19:59 of 1st period - Charlie Coyle wins face-off versus Dylan Larkin in neutral zone.
Goals for this period are 1 for Montreal Canadiens vs 1 for Arizona Coyotes.
Shots for this period are 11 for Montreal Canadiens vs 10 for Arizona Coyotes.
2nd period
0:01 of 2nd period - Martin Necas wins face-off versus Charlie Coyle in neutral zone.
0:24 of 2nd period - Penalty to Kiefer Sherwood is over, Kiefer Sherwood is back on ice.
0:30 of 2nd period - Slapshot by Alex Iafallo.
0:30 of 2nd period - Stopped by Jacob Markstrom without a rebound.
0:31 of 2nd period - Ross Colton wins face-off versus Teddy Blueger in Arizona Coyotes zone.
0:56 of 2nd period - Brayden McNabb is hit by Juraj Slafkovsky and loses puck.
1:03 of 2nd period - Slapshot by Mason McTavish.
1:03 of 2nd period - Stopped by David Rittich without a rebound.
1:03 of 2nd period - David Rittich from Montreal Canadiens is injured at 1:03 of 2nd period (Bruised Left Leg).
1:03 of 2nd period - Calle Clang enters game.
1:04 of 2nd period - Dylan Larkin wins face-off versus Mason McTavish in Montreal Canadiens zone.
1:40 of 2nd period - Brady Skjei is hit by Brayden McNabb and loses puck.
2:18 of 2nd period - Wrist shot by Mason McTavish.
2:18 of 2nd period - Stopped by Calle Clang without a rebound.
2:19 of 2nd period - Dylan Larkin wins face-off versus Mason McTavish in Montreal Canadiens zone.
2:19 of 2nd period - Dylan Larkin is hit by Ryan Donato.
2:45 of 2nd period - Teddy Blueger is hit by Radko Gudas and loses puck.
3:12 of 2nd period - Backhand shot by Ryan Poehling.
3:12 of 2nd period - Stopped by Jacob Markstrom without a rebound.
3:13 of 2nd period - Mason McTavish wins face-off versus Dylan Larkin in Arizona Coyotes zone.
3:47 of 2nd period - Off-side.
3:48 of 2nd period - Dylan Larkin wins face-off versus Charlie Coyle in neutral zone.
4:15 of 2nd period - Evgeni Dadonov is hit by Radko Gudas and loses puck.
4:22 of 2nd period - Wrist shot by Ondrej Palat.
4:22 of 2nd period - Stopped by Calle Clang with a rebound.
4:24 of 2nd period - Slapshot by Nick Seeler.
4:24 of 2nd period - Deflect By Ondrej Palat.
4:24 of 2nd period - Shot Misses the Net.
4:24 of 2nd period - Puck is out of play.
4:25 of 2nd period - Mason McTavish wins face-off versus Teddy Blueger in Montreal Canadiens zone.
4:26 of 2nd period - Snap shot by Ryan Donato.
4:26 of 2nd period - Shot Misses the Net.
6:07 of 2nd period - Snap shot by Evgeni Dadonov.
6:07 of 2nd period - Stopped by Jacob Markstrom without a rebound.
6:08 of 2nd period - Tyler Seguin wins face-off versus Teddy Blueger in Arizona Coyotes zone.
6:19 of 2nd period - Snap shot by Mats Zuccarello.
6:19 of 2nd period - Stopped by Calle Clang with a rebound.
7:03 of 2nd period - Mason McTavish is hit by Damon Severson and loses puck.
7:20 of 2nd period - Slapshot by Martin Necas.
7:20 of 2nd period - Stopped by Jacob Markstrom without a rebound.
7:21 of 2nd period - Charlie Coyle wins face-off versus Dylan Larkin in Arizona Coyotes zone.
7:23 of 2nd period - Minor Penalty to Charlie Coyle for Delaying the game.
7:24 of 2nd period - Mats Zuccarello wins face-off versus Dylan Larkin in Arizona Coyotes zone.
8:50 of 2nd period - Dylan Larkin is hit by Mats Zuccarello and loses puck.
9:23 of 2nd period - Penalty to Charlie Coyle is over, Charlie Coyle is back on ice.
9:24 of 2nd period - Icing by Jani Hakanpaa.
9:25 of 2nd period - Ondrej Palat wins face-off versus Dylan Larkin in Arizona Coyotes zone.
9:25 of 2nd period - Ondrej Palat is hit by Dylan Larkin.
10:10 of 2nd period - Wrist shot by Ryan Donato.
10:10 of 2nd period - Stopped by Calle Clang with a rebound.
10:12 of 2nd period - Snap shot by Erik Haula.
10:12 of 2nd period - Shot Misses the Net.
10:14 of 2nd period - Snap shot by Erik Haula.
10:14 of 2nd period - Stopped by Calle Clang without a rebound.
10:15 of 2nd period - Charlie Coyle wins face-off versus Dylan Larkin in Montreal Canadiens zone.
10:24 of 2nd period - Justin Faulk is hit by Charlie Coyle.
10:57 of 2nd period - Snap shot by Teddy Blueger.
10:57 of 2nd period - Stopped by Jacob Markstrom with a rebound.
11:09 of 2nd period - Slapshot by Jani Hakanpaa.
11:09 of 2nd period - Stopped by Calle Clang with a rebound.
11:11 of 2nd period - Slapshot by Brayden McNabb.
11:11 of 2nd period - Shot Blocked by Jack Johnson.
11:24 of 2nd period - Icing by Jack Johnson.
11:25 of 2nd period - Ryan Poehling wins face-off versus Mark Jankowski in Montreal Canadiens zone.
12:48 of 2nd period - Minor Penalty to Kiefer Sherwood for Interference.
12:49 of 2nd period - Mats Zuccarello wins face-off versus Dylan Larkin in Arizona Coyotes zone.
12:49 of 2nd period - Mats Zuccarello is hit by Martin Necas.
13:28 of 2nd period - Icing by Justin Faulk.
13:29 of 2nd period - Vladimir Tarasenko wins face-off versus Charlie Coyle in Montreal Canadiens zone.
13:36 of 2nd period - Snap shot by Martin Necas.
13:36 of 2nd period - Stopped by Jacob Markstrom without a rebound.
13:37 of 2nd period - Dylan Larkin wins face-off versus Mats Zuccarello in Arizona Coyotes zone.
13:44 of 2nd period - Wrist shot by Dylan Larkin.
13:44 of 2nd period - Shot Misses the Net.
13:46 of 2nd period - Wrist shot by Juraj Slafkovsky.
13:46 of 2nd period - Shot Misses the Net.
13:48 of 2nd period - Slapshot by Juraj Slafkovsky.
13:48 of 2nd period - Goal by Juraj Slafkovsky - Montreal Canadiens : 2 - Arizona Coyotes : 1.
13:49 of 2nd period - Charlie Coyle wins face-off versus Dylan Larkin in neutral zone.
14:44 of 2nd period - Brady Skjei is hit by Jared Spurgeon and loses puck.
14:49 of 2nd period - Snap shot by Adam Fox.
14:49 of 2nd period - Stopped by Jacob Markstrom with a rebound.
14:51 of 2nd period - Slapshot by Ryan Poehling.
14:51 of 2nd period - Shot Misses the Net.
15:49 of 2nd period - Snap shot by Martin Necas.
15:49 of 2nd period - Goal by Martin Necas - Montreal Canadiens : 3 - Arizona Coyotes : 1.
15:50 of 2nd period - Dylan Larkin wins face-off versus Charlie Coyle in neutral zone.
15:57 of 2nd period - Slapshot by Vladimir Tarasenko.
15:57 of 2nd period - Shot Blocked by Charlie Coyle.
15:59 of 2nd period - Wrist shot by Dylan Larkin.
15:59 of 2nd period - Shot Misses the Net.
16:17 of 2nd period - Damon Severson is hit by Erik Haula and loses puck.
16:24 of 2nd period - Snap shot by Mason McTavish.
16:24 of 2nd period - Shot Blocked by Damon Severson.
16:26 of 2nd period - Slapshot by Mason McTavish.
16:26 of 2nd period - Stopped by Calle Clang without a rebound.
16:27 of 2nd period - Ross Colton wins face-off versus Dylan Larkin in Montreal Canadiens zone.
16:32 of 2nd period - Wrist shot by Ondrej Palat.
16:32 of 2nd period - Stopped by Calle Clang with a rebound.
16:34 of 2nd period - Wrist shot by Tyler Bertuzzi.
16:34 of 2nd period - Stopped by Calle Clang with a rebound.
16:36 of 2nd period - Snap shot by Tyler Bertuzzi.
16:36 of 2nd period - Shot Misses the Net.
16:58 of 2nd period - Slapshot by Adam Fox.
16:58 of 2nd period - Deflect By Mats Zuccarello.
16:58 of 2nd period - Stopped by Jacob Markstrom without a rebound.
16:59 of 2nd period - Teddy Blueger wins face-off versus Charlie Coyle in Arizona Coyotes zone.
17:39 of 2nd period - Minor Penalty to Radko Gudas for Roughing.
17:40 of 2nd period - Mats Zuccarello wins face-off versus Teddy Blueger in Arizona Coyotes zone.
17:49 of 2nd period - Snap shot by Charlie Coyle.
17:49 of 2nd period - Stopped by Calle Clang without a rebound.
17:50 of 2nd period - Teddy Blueger wins face-off versus Charlie Coyle in Montreal Canadiens zone.
18:04 of 2nd period - Snap shot by Charlie Coyle.
18:04 of 2nd period - Stopped by Calle Clang without a rebound.
18:05 of 2nd period - Dylan Larkin wins face-off versus Mats Zuccarello in Montreal Canadiens zone.
19:00 of 2nd period - Off-side.
19:01 of 2nd period - Charlie Coyle wins face-off versus Teddy Blueger in neutral zone.
19:12 of 2nd period - Slapshot by Charlie Coyle.
19:12 of 2nd period - Stopped by Calle Clang with a rebound.
19:32 of 2nd period - Snap shot by Dylan Larkin.
19:32 of 2nd period - Shot Blocked by Mats Zuccarello.
19:34 of 2nd period - Wrist shot by Dylan Larkin.
19:34 of 2nd period - Stopped by Jacob Markstrom without a rebound.
19:35 of 2nd period - Dylan Larkin wins face-off versus Mats Zuccarello in Arizona Coyotes zone.
19:36 of 2nd period - Snap shot by Martin Necas.
19:36 of 2nd period - Shot Blocked by Jani Hakanpaa.
19:38 of 2nd period - Slapshot by Brady Skjei.
19:38 of 2nd period - Deflect By Juraj Slafkovsky.
19:38 of 2nd period - Shot Blocked by Mats Zuccarello.
19:38 of 2nd period - Puck is out of play.
19:39 of 2nd period - Penalty to Radko Gudas is over, Radko Gudas is back on ice.
19:39 of 2nd period - Charlie Coyle wins face-off versus Dylan Larkin in Arizona Coyotes zone.
Goals for this period are 2 for Montreal Canadiens vs 0 for Arizona Coyotes.
Shots for this period are 11 for Montreal Canadiens vs 13 for Arizona Coyotes.
3rd period
0:01 of 3rd period - Dylan Larkin wins face-off versus Charlie Coyle in neutral zone.
0:46 of 3rd period - Jack Johnson is hit by Ondrej Palat and loses puck.
1:30 of 3rd period - Wrist shot by Tyler Seguin.
1:30 of 3rd period - Stopped by Calle Clang with a rebound.
1:44 of 3rd period - Snap shot by Ryan Donato.
1:44 of 3rd period - Stopped by Calle Clang with a rebound.
1:46 of 3rd period - Wrist shot by Mason McTavish.
1:46 of 3rd period - Stopped by Calle Clang with a rebound.
1:48 of 3rd period - Slapshot by Jani Hakanpaa.
1:48 of 3rd period - Stopped by Calle Clang with a rebound.
1:50 of 3rd period - Wrist shot by Erik Haula.
1:50 of 3rd period - Stopped by Calle Clang with a rebound.
1:52 of 3rd period - Snap shot by Ryan Donato.
1:52 of 3rd period - Deflect By Erik Haula.
1:52 of 3rd period - Stopped by Calle Clang with a rebound.
3:05 of 3rd period - Tyler Seguin is hit by Jake Evans and loses puck.
3:27 of 3rd period - Off-side.
3:28 of 3rd period - Dylan Larkin wins face-off versus Mason McTavish in neutral zone.
3:37 of 3rd period - Backhand shot by Mason McTavish.
3:37 of 3rd period - Shot Misses the Net.
4:06 of 3rd period - Slapshot by Martin Necas.
4:06 of 3rd period - Stopped by Jacob Markstrom with a rebound.
5:00 of 3rd period - Slapshot by Ondrej Palat.
5:00 of 3rd period - Deflect By Tyler Bertuzzi.
5:00 of 3rd period - Stopped by Calle Clang without a rebound.
5:01 of 3rd period - Ross Colton wins face-off versus Ethen Frank in Montreal Canadiens zone.
5:12 of 3rd period - Slapshot by Damon Severson.
5:12 of 3rd period - Stopped by Jacob Markstrom with a rebound.
5:34 of 3rd period - Snap shot by Dylan Larkin.
5:34 of 3rd period - Stopped by Jacob Markstrom without a rebound.
5:35 of 3rd period - Mason McTavish wins face-off versus Teddy Blueger in Arizona Coyotes zone.
5:35 of 3rd period - Mason McTavish is hit by Brady Skjei.
6:28 of 3rd period - Wrist shot by Aliaksei Protas.
6:28 of 3rd period - Goal by Aliaksei Protas - Montreal Canadiens : 4 - Arizona Coyotes : 1.
6:29 of 3rd period - Mats Zuccarello wins face-off versus Dylan Larkin in neutral zone.
7:47 of 3rd period - Jared Spurgeon is hit by Damon Severson and loses puck.
7:52 of 3rd period - Snap shot by Juraj Slafkovsky.
7:52 of 3rd period - Stopped by Jacob Markstrom with a rebound.
8:23 of 3rd period - Snap shot by Martin Necas.
8:23 of 3rd period - Shot Misses the Net.
8:31 of 3rd period - Slapshot by Evgeni Dadonov.
8:31 of 3rd period - Stopped by Jacob Markstrom with a rebound.
8:48 of 3rd period - Off-side.
8:49 of 3rd period - Mason McTavish wins face-off versus Dylan Larkin in neutral zone.
8:54 of 3rd period - Wrist shot by Erik Haula.
8:54 of 3rd period - Shot Misses the Net.
9:04 of 3rd period - Brayden McNabb is hit by Vladimir Tarasenko and loses puck.
9:15 of 3rd period - Teddy Blueger is hit by Ross Colton.
9:25 of 3rd period - Ondrej Palat is hit by Teddy Blueger and loses puck.
9:26 of 3rd period - Ondrej Palat from Arizona Coyotes is injured at 9:26 of 3rd period (Right Foot).
9:27 of 3rd period - Dylan Larkin wins face-off versus Charlie Coyle in Arizona Coyotes zone.
9:28 of 3rd period - Snap shot by Juraj Slafkovsky.
9:28 of 3rd period - Shot Misses the Net.
9:34 of 3rd period - Juraj Slafkovsky is hit by Tyler Seguin and loses puck.
9:43 of 3rd period - Slapshot by Tyler Seguin.
9:43 of 3rd period - Shot Blocked by Brady Skjei.
9:53 of 3rd period - Mason McTavish is hit by Martin Necas and loses puck.
11:40 of 3rd period - Jake Evans is hit by Matt Dumba and loses puck.
11:53 of 3rd period - Slapshot by Adam Fox.
11:53 of 3rd period - Stopped by Jacob Markstrom with a rebound.
11:55 of 3rd period - Slapshot by Brady Skjei.
11:55 of 3rd period - Deflect By Alex Iafallo.
11:55 of 3rd period - Stopped by Jacob Markstrom with a rebound.
11:57 of 3rd period - Snap shot by Ethen Frank.
11:57 of 3rd period - Stopped by Jacob Markstrom without a rebound.
11:58 of 3rd period - Ethen Frank wins face-off versus Ryan Donato in Arizona Coyotes zone.
12:26 of 3rd period - Brayden McNabb is hit by Ilya Lyubushkin and loses puck.
12:53 of 3rd period - Ryan Poehling is hit by Jared Spurgeon and loses puck.
13:00 of 3rd period - Slapshot by Mike Hoffman.
13:00 of 3rd period - Stopped by Calle Clang with a rebound.
13:02 of 3rd period - Snap shot by Mike Hoffman.
13:02 of 3rd period - Goal by Mike Hoffman - Montreal Canadiens : 4 - Arizona Coyotes : 2.
13:03 of 3rd period - Dylan Larkin wins face-off versus Charlie Coyle in neutral zone.
13:10 of 3rd period - Wrist shot by Vladimir Tarasenko.
13:10 of 3rd period - Stopped by Jacob Markstrom with a rebound.
13:20 of 3rd period - Slapshot by Jared Spurgeon.
13:20 of 3rd period - Stopped by Calle Clang without a rebound.
13:21 of 3rd period - Mason McTavish wins face-off versus Teddy Blueger in Montreal Canadiens zone.
13:22 of 3rd period - Snap shot by Erik Haula.
13:22 of 3rd period - Stopped by Calle Clang without a rebound.
13:23 of 3rd period - Mason McTavish wins face-off versus Martin Necas in Montreal Canadiens zone.
13:48 of 3rd period - Adam Fox is hit by Tyler Bertuzzi and loses puck.
14:05 of 3rd period - Snap shot by Mark Jankowski.
14:05 of 3rd period - Stopped by Calle Clang with a rebound.
14:07 of 3rd period - Slapshot by Radko Gudas.
14:07 of 3rd period - Shot Blocked by Martin Necas.
14:09 of 3rd period - Backhand shot by Radko Gudas.
14:09 of 3rd period - Stopped by Calle Clang with a rebound.
14:11 of 3rd period - Wrist shot by Kiefer Sherwood.
14:11 of 3rd period - Stopped by Calle Clang without a rebound.
14:12 of 3rd period - Dylan Larkin wins face-off versus Mark Jankowski in Montreal Canadiens zone.
14:35 of 3rd period - Slapshot by Mark Jankowski.
14:35 of 3rd period - Stopped by Calle Clang without a rebound.
14:36 of 3rd period - Ryan Poehling wins face-off versus Charlie Coyle in Montreal Canadiens zone.
15:01 of 3rd period - Vladimir Tarasenko is hit by Erik Haula.
15:23 of 3rd period - Ryan Donato is hit by Martin Necas and loses puck.
16:12 of 3rd period - Snap shot by Tyler Seguin.
16:12 of 3rd period - Shot Misses the Net.
16:14 of 3rd period - Slapshot by Matt Dumba.
16:14 of 3rd period - Shot Misses the Net.
16:42 of 3rd period - Wrist shot by Dylan Larkin.
16:42 of 3rd period - Stopped by Jacob Markstrom without a rebound.
16:43 of 3rd period - Ross Colton wins face-off versus Dylan Larkin in Arizona Coyotes zone.
16:43 of 3rd period - Ross Colton is hit by Vladimir Tarasenko.
17:15 of 3rd period - Wrist shot by Mason McTavish.
17:15 of 3rd period - Stopped by Calle Clang without a rebound.
17:16 of 3rd period - Dylan Larkin wins face-off versus Mason McTavish in Montreal Canadiens zone.
17:32 of 3rd period - Snap shot by Mason McTavish.
17:32 of 3rd period - Deflect By Ryan Donato.
17:32 of 3rd period - Stopped by Calle Clang without a rebound.
17:33 of 3rd period - Ross Colton wins face-off versus Aliaksei Protas in Montreal Canadiens zone.
17:36 of 3rd period - Slapshot by Ryan Donato.
17:36 of 3rd period - Stopped by Calle Clang with a rebound.
18:00 of 3rd period - Brady Skjei is hit by Jani Hakanpaa and loses puck.
18:13 of 3rd period - Adam Fox is hit by Radko Gudas and loses puck.
18:26 of 3rd period - Justin Faulk is hit by Mason McTavish and loses puck.
18:43 of 3rd period - Snap shot by Evgeni Dadonov.
18:43 of 3rd period - Stopped by Jacob Markstrom without a rebound.
18:44 of 3rd period - Mike Hoffman wins face-off versus Ethen Frank in Arizona Coyotes zone.
18:48 of 3rd period - Off-side.
18:49 of 3rd period - Ryan Poehling wins face-off versus Tyler Bertuzzi in neutral zone.
19:02 of 3rd period - Snap shot by Ryan Poehling.
19:02 of 3rd period - Shot Misses the Net.
19:13 of 3rd period - Brayden McNabb is hit by Justin Faulk and loses puck.
19:21 of 3rd period - Jake Evans is hit by Ross Colton.
19:31 of 3rd period - Wrist shot by Ross Colton.
19:31 of 3rd period - Stopped by Calle Clang without a rebound.
19:32 of 3rd period - Ethen Frank wins face-off versus Mason McTavish in Montreal Canadiens zone.
19:41 of 3rd period - Snap shot by Andreas Athanasiou.
19:41 of 3rd period - Stopped by Jacob Markstrom with a rebound.
Goals for this period are 1 for Montreal Canadiens vs 1 for Arizona Coyotes.
Shots for this period are 13 for Montreal Canadiens vs 19 for Arizona Coyotes.
Back to the Top